 Dungeon Crawl Stone Soup version 0.29.1-1-gd02db6906a (webtiles) character file.

Game seed: 13418077433630027699

9 Kold the Trooper (level 2, 4/24 HPs)
             Began as a Demonspawn Cinder Acolyte on Oct 19, 2022.
             Was a High Priest of Ignis.
             Quit the game on level 1 of the Dungeon.
             The game lasted 00:00:21 (275 turns).

Kold the Trooper (Demonspawn Cinder Acolyte)         Turns: 275, Time: 00:00:21

Health: 4/24       AC:  9    Str: 14    XL:     2   Next: 3%
Magic:  3/3        EV: 11    Int: 15    God:    Ignis [*****.]
Gold:   11         SH:  0    Dex:  8    Spells: 3/3 levels left

rFire   + . .      SeeInvis .     - Unarmed
rCold   . . .      Faith    .   (no shield)
rNeg    . . .      Spirit   .   a - +0 robe
rPois   .          Reflect  .   (no helmet)
rElec   .          Harm     .   (no cloak)
rCorr   .          Rampage  .   (no gloves)
Will    .....                   (no boots)
Stlth   +.........              (no amulet)
HPRegen 0.08/turn               (no ring)
MPRegen 0.08/turn               (no ring)

@: fiery-armoured
A: ignite blood 1
a: Renounce Religion, Fiery Armour, Foxfire Swarm, Rising Flame


You were on level 1 of the Dungeon.
You worshipped Ignis.
Ignis was extremely pleased with you.
You visited 1 branch of the dungeon, and saw 1 of its levels.

You collected 11 gold pieces.

Inventory:

Armour
 a - a +0 robe (worn)
Jewellery
 d - a +4 ring of evasion
Scrolls
 b - a scroll of immolation {unknown}
Potions
 c - a potion of degeneration {unknown}


   Skills:
 + Level 3.1 Fighting
 + Level 2.8 Unarmed Combat
 + Level 1.2 Spellcasting
 + Level 2.8 Fire Magic


You had 3 spell levels left.
You didn't know any spells.
Your spell library contained the following spells:

 Spells                   Type           Power      Damage    Failure   Level
 Scorch                   Fire           18%        2d5       11%         2


Dungeon Overview and Level Annotations

Branches:
Dungeon (1/15)

Altars:


Innate Abilities, Weirdness & Mutations

Your demonic aura sometimes causes spilled blood to erupt in flames.


Message History

The ball python attacks as you move away!
The ball python bites you but does no damage.
The hobgoblin attacks as you move away! The hobgoblin barely misses you.
The hobgoblin attacks as you move away! The hobgoblin hits you.
* * * LOW HITPOINT WARNING * * *
The hobgoblin throws a stone.
The stone hits you but does no damage.
The hobgoblin throws a stone.
The stone hits you.
* * * LOW HITPOINT WARNING * * *
Things that are here:
a +0 dagger; 5 stones; a kobold corpse A protective cloak of flame settles atop you.
You hit the endoplasm.
You kill the endoplasm!
The hobgoblin throws a stone.
The stone hits you but does no damage.
You hit the ball python.
The ball python is severely wounded.
The ball python barely misses you. x2
You closely miss the ball python.
The ball python is severely wounded.
The ball python bites you but does no damage.
The ball python is burned by your cloak of flames.
You kill the ball python!
You hit the hobgoblin.
The hobgoblin is heavily wounded.
The hobgoblin closely misses you.
You closely miss the hobgoblin.
The hobgoblin is heavily wounded.
The hobgoblin hits you but does no damage.
The hobgoblin is burned by your cloak of flames.
The hobgoblin is almost dead.
You hit the hobgoblin but do no damage.
The hobgoblin is almost dead.
The hobgoblin hits you but does no damage.
The hobgoblin is burned by your cloak of flames.
You kill the hobgoblin!
You have reached level 2!
Your demonic ancestry asserts itself...
Your blood heats up.
You miss the kobold. The kobold closely misses you.
Are you sure you want to abandon this character and quit the game? (Confirm with "yes".)

#.)......## #.#### #.
#.........## #.#
#.#####.......###.# #### ##
####.#...............# ....
...........##.......##### .##
.....#...........###.#
#.###..#.#..##..#....# #.#
...##..#.....#..##.#.###.#
##.....###...#..@K.......#
.#.##........##.##......##
...#............#####...#
.#.####......#### #...#
.#...#......## #†K.#
.#.#.#.#.#..# ####...#########
...#.#.#.#..# ...$.............
.#.#.....#.... .........$)......
.#...#.#....####...............#.


You could see a kobold.

Vanquished Creatures
  2 ball pythons (D:1)
  A bat (D:1)
  An endoplasm (D:1)
  A hobgoblin (D:1)
  2 kobolds (D:1)
  A frilled lizard (D:1)
8 creatures vanquished.

Notes
Turn   | Place    | Note
-------+----------+-------------------------------------------
     0 | D:1      | Kold the Demonspawn Cinder Acolyte began the quest for the
                  | Orb.
     0 | D:1      | Reached XP level 1. HP: 18/18 MP: 2/2
   191 | D:1      | Found a faded altar of an unknown god.
   274 | D:1      | Gained mutation: Your demonic aura sometimes causes spilled
                  | blood to erupt in flames. [demonic ancestry]
   274 | D:1      | Reached XP level 2. HP: 4/24 MP: 3/3
   275 | D:1      | Quit the game

Illustrated notes

Levels and vault maps discovered:
D:1:      wander_arrival_abandoned_jail, layout_loops_cross,
          shapermc_ecumenical_altar_ellora,
          nicolae_concentric_dashed_squares_wild, minmay_domino_4

Action                   || total
-------------------------++-------
Melee: Unarmed           ||    28
Invok: Fiery Armour      ||     1
Armor: Robe              ||    14
Dodge: Dodged            ||    31
